 Dungeon Crawl Stone Soup version 0.29.0-4-gdea44cf6ec (webtiles) character file.

Game seed: 9793156635766766366

21 qw the Sneak (level 2, -2/19 HPs)
             Began as a Gargoyle Delver on Sept 10, 2022.
             Slain by an orc wizard
             ... wielding a +0 dagger
              (3 damage)
             ... on level 3 of the Dungeon.
             The game lasted 00:00:11 (499 turns).

qw the Sneak (Gargoyle Delver)                       Turns: 499, Time: 00:00:11

Health: -2/19      AC:  5    Str: 15    XL:     2   Next: 83%
Magic:  2/2        EV: 11    Int: 10    God:
Gold:   11         SH:  0    Dex: 11    Spells: 1/1 levels left

rFire   . . .      SeeInvis .   a - +0 hand axe
rCold   . . .      Faith    .   (no shield)
rNeg    + . .      Spirit   .   b - +0 leather armour
rPois   inf        Reflect  .   (no helmet)
rElec   +          Harm     .   (no cloak)
rCorr   .          Rampage  .   (no gloves)
Will    .....                   (no boots)
Stlth   +++.......              (no amulet)
HPRegen 0.06/turn               (no ring)
MPRegen 0.08/turn               (no ring)

@: no status effects
A: sickness immunity, AC +2, negative energy resistance 1, electricity
resistance, torment resistance 1, petrification resistance
a: no special abilities


You were on level 3 of the Dungeon.
You visited 2 branches of the dungeon, and saw 4 of its levels.

You collected 11 gold pieces.


Innate Abilities, Weirdness & Mutations

You are immune to sickness and miasma.
Your stone body is resilient. (AC +2)
You are immune to poison.
You resist negative energy. (rN+)
You are resistant to electric shocks. (rElec)
You are resistant to unholy torment.
You are immune to petrification.


   Skills:
 - Level 3.2 Fighting
 + Level 3.0 Axes
 - Level 1.5 Dodging
 - Level 5.4 Stealth


You had one spell level left.
You didn't know any spells.
Your spell library was empty.

Inventory:

Hand Weapons
 a - a +0 hand axe (weapon)
 c - a +0 whip
Armour
 b - a +0 leather armour (worn)
Wands
 g - a wand of digging (3)
Potions
 f - a potion of haste

Dungeon Overview and Level Annotations

Branches:
Dungeon (5/15)             Temple (1/1) D:4

Altars:
Cheibriados
Dithmenos
Elyvilon
Fedhas
Gozag
Hepliaklqana
Kikubaaqudgha
Makhleb
Nemelex Xobeh
Ru
Sif Muna
Trog
Vehumet
Wu Jian
Xom
Yredelemnul
Zin
The Shining One


Message History

You kill the orc!
You hit the orc wizard.
The orc wizard hits you but does no damage. x2
You hear some strange, mumbled words.
Something tries to affect you, but you resist.
Your Axes skill increases to level 3!
You closely miss the orc wizard.
The orc wizard is moderately wounded.
You hit something.
The orc wizard hits you but does no damage.
Something hits you but does no damage.
You hit the orc wizard.
The orc wizard is heavily wounded.
You miss something. You hit the orc but do no damage.
The orc wizard barely misses you. Something hits you.
The orc closely misses you.
You hit the orc wizard.
The orc wizard is heavily wounded.
You miss something. You closely miss the orc.
The orc wizard hits you with a +0 dagger.
The orc hits you with a +0 short sword. Something hits you.
You completely miss the orc wizard.
The orc wizard is heavily wounded.
You miss something. You barely miss the orc.
The orc wizard hits you but does no damage.
Something hits you but does no damage. The orc hits you with a +0 short sword.
You completely miss the orc wizard.
The orc wizard is heavily wounded.
You miss something. You completely miss the orc.
The orc wizard barely misses you. Something completely misses you.
The orc hits you but does no damage.
You hit the orc wizard but do no damage.
The orc wizard is heavily wounded.
You hit something but do no damage. You barely miss the orc.
The orc wizard hits you with a +0 dagger.
Something hits you but does no damage. The orc barely misses you.
The orc hits you with a +0 short sword.
The orc wizard hits you but does no damage.
Something hits you.
You die...

.. # ... ###.## ....
....#. ###..#
......##.....
.......S..<
###........oo{# #
..#.........@####.#
......#####..#...#..
#.... ##........
#.... #####.#####..
#.... #............
#....##.####.......
#...# .......
######.### [......
#......# .......


You could see an orc wizard, an adder and an orc.

Vanquished Creatures
  An adder (D:3)
  An orc (D:3)
  3 ball pythons
  A bat (D:3)
  A goblin (D:4)
  2 hobgoblins
9 creatures vanquished.

Vanquished Creatures (others)
  6 fungi (D:4)
6 creatures vanquished.

Grand Total: 15 creatures vanquished

Notes
Turn   | Place    | Note
-------+----------+-------------------------------------------
     0 | D:5      | qw the Gargoyle Delver began the quest for the Orb.
     0 | D:5      | Reached XP level 1. HP: 14/14 MP: 1/1
     0 | D:5      | 0 ||| qw: Version: 0.1-a-116-g5d60599
     0 | D:5      | 0 ||| qw: Game counter: 9536
     0 | D:5      | 0 ||| qw: Always use a shield: true
     0 | D:5      | 0 ||| qw: God list: Okawaru
     0 | D:5      | 0 ||| qw: Allow faded altars: false
     0 | D:5      | 0 ||| qw: Do Orc after D:15 true
     0 | D:5      | 0 ||| qw: Do second Lair branch before Depths: true
     0 | D:5      | 0 ||| qw: Lair rune preference: random
     0 | D:5      | 0 ||| qw: Plans: Normal
     0 | D:5      | 0 ||| PLANNING D:1-11
     0 | D:5      | 0 ||| DROPPING scroll of fog.
     1 | D:5      | 1 ||| DROPPING scroll of magic mapping.
     2 | D:5      | 2 ||| DROPPING scroll of fear.
    32 | D:4      | Found a staircase to the Ecumenical Temple.
    33 | D:4      | 33 ||| PLANNING TEMPLE
   272 | Temple   | Entered the Ecumenical Temple
   337 | Temple   | 337 ||| PLANNING D:1-11
   381 | D:3      | Reached XP level 2. HP: 18/19 MP: 2/2
   465 | D:3      | 465 ||| Stepping ~*~*~tactically~*~*~ (stealth).
   467 | D:3      | 467 ||| Stepping ~*~*~tactically~*~*~ (stealth).
   485 | D:3      | 485 ||| Stepping ~*~*~tactically~*~*~ (hiding).
   494 | D:3      | Reached skill level 3 in Axes
   499 | D:3      | HP: 1/19 [orc/+0 short sword (5)]
   499 | D:3      | Slain by an orc wizard

Levels and vault maps discovered:
D:3:      cheibrodos_helix_gallery, layout_rooms
D:4:      layout_layer_cave, mainiacjoe_overflow_cross_hatched,
          minmay_temple_entry_arrows, st_stairs_14
D:5:      layout_basic, biasface_ghost_orc_armoury
Temple:   dpeg_three_leaves_temple

Skill      XL: |  1  2 |
---------------+-------+-----
Axes           | 2 3 |  3.0
Fighting       | |  3.2
Dodging        | |  1.5
Stealth        | |  5.4

Action                   || total
-------------------------++-------
Melee: Hand axe          ||    29
       Punch             ||     2
Armor: Leather armour    ||    19
Dodge: Dodged            ||    16

Table legend:
 A = Non-vault XP
 B = Vault XP
 C = Vault XP percentage of total XP
 D = Non-vault monster count
 E = Vault monster count
 F = Vault count percentage of total count
                 A         B        C        D         E       F
            +---------+---------+-------+---------+---------+-------
      Total |      14 |      16 |  53.3 |       7 |       2 |  22.2
            +---------+---------+-------+---------+---------+-------
        D:3 |       8 |      16 |  66.7 |       4 |       2 |  33.3
        D:4 |       6 |       0 |   0.0 |       3 |       0 |   0.0
            +---------+---------+-------+---------+---------+-------
